 Dungeon Crawl Stone Soup version 0.27-a0-522-g46bbb28828 (webtiles) character file.

Game seed: 12494753460773138655

395 HoaS the Ruffian (level 6, -7/48 HPs)
             Began as a Demigod Gladiator on Mar 5, 2021.
             Killed by divine providence
             ... invoked by an orc priest
              (14 damage)
             ... on level 4 of the Dungeon.
             The game lasted 00:07:02 (4689 turns).

HoaS the Ruffian (Demigod Gladiator)                Turns: 4689, Time: 00:07:03

Health: -7/48      AC:  6    Str: 23    XL:     6   Next: 26%
Magic:  8/8        EV: 12    Int: 10    God:
Gold:   239        SH:  0    Dex: 15    Spells: 5/5 levels left

rFire    . . .     SeeInvis .     - Unarmed
rCold    . . .     Faith    .   (no shield)
rNeg     . . .     Spirit   .   e - +0 ring mail {rPois}
rPois    +         Reflect  .   b - +0 helmet
rElec    .         Harm     .   (no cloak)
rCorr    .         Rampage  .   (no gloves)
Will     .....                  (no boots)
Stlth    +.........             (no amulet)
HPRegen  0.16/turn              (no ring)
MPRegen  0.11/turn              (no ring)

@: no status effects
A: high mp 1, forlorn
a: no special abilities


You were on level 4 of the Dungeon.
You visited 1 branch of the dungeon, and saw 4 of its levels.

You collected 239 gold pieces.

Inventory:

Missiles
 c - a throwing net (quivered)
 h - 2 boomerangs
Armour
 b - a +0 helmet (worn)
 e - a +0 ring mail of poison resistance (worn)
 k - a +0 chain mail
Scrolls
 a - 2 scrolls of blinking
Potions
 d - a potion of mutation
 f - a potion of degeneration {unknown}
 g - a potion of brilliance {unknown}
 i - 4 potions of curing
 j - a potion of heal wounds {unknown}


   Skills:
 - Level 1.7 Fighting
 - Level 1.7 Throwing
 - Level 2.6 Dodging
 + Level 6.8 Unarmed Combat


You had 5 spell levels left.
You didn't know any spells.
Your spell library was empty.

Dungeon Overview and Level Annotations

Branches:
Dungeon (4/15)
 Temple: D:4-7


Innate Abilities, Weirdness & Mutations

Your attributes grow dramatically as you level up.
You have an increased reservoir of magic. (+10% MP)
You shall have no god before yourself.


Message History

As you read the scroll labelled MOYTETOM CIRGH, it crumbles to dust.
The air around you briefly surges with heat, but it dissipates.
It was a scroll of immolation.
Found a scroll of enchant weapon.
Found a whip.
You open the door.
An orc comes into view. It is wielding a +0 dagger.
The orc shouts!
There is an open door here.
You punch the orc!
You kill the orc!
No target in view!
Things that are here:
a +0 dagger; a +0 ring mail You open the door.
There is an open door here.
You open the door. 2 orcs, an orc priest and a skeleton come into view.
An orc is wielding a +0 club and quivering silver boomerangs.
The orc shouts! x2; The orc priest shouts!
You hear a shout! x2
The orc priest mumbles some strange prayers to Beogh against you.
Beogh smites you!
The orc moves out of view. x2
There are monsters nearby!
There are monsters nearby!
An orc and an orc priest come into view.
The orc shouts!
There is an open door here.
The orc priest invokes the aid of Beogh against you.
Beogh smites you!
The orc priest calls down the wrath of Beogh upon you.
Pain shoots through your body!
The orc priest looks braver for a moment.
You open the door.
There is an open door here.
The orc priest mumbles some strange prayers to Beogh against you.
Beogh smites you!
* * * LOW HITPOINT WARNING * * *
The orc priest invokes the aid of Beogh against you.
Beogh smites you!
You die...

#.....'..#....)#
#.....#..#.....#
+.....#..'.....#
#.....#..#....######
#.....#..#....#....#
###+#.....#####...'....#
######...#.........#...#....#
#....#...+.........#####....#
#..oo#...#...@.<............#
+....###'#..................#
#....#...##o#######.........#
#...Zo...o........#.........#
+...o#....).......#.........#
#....######'#######.........#
#...................######'###
.........?...........#...#.....
.......)..............'...#.....


You could see an orc priest and an orc.

Vanquished Creatures
  An ogre (D:4)
  A phantom (D:4)
  A bullfrog skeleton (D:4)
  2 worker ants
  A hound skeleton (D:4)
  5 adders
  2 worms
  3 leopard geckos
  7 orcs
  3 giant cockroaches
  14 goblins
  6 hobgoblins
  7 jackals
  2 quokkas
  A ball python (D:3)
  7 bats
  2 frilled lizards
  11 kobolds
  A leopard gecko skeleton (D:4)
  8 rats
85 creatures vanquished.

Notes
Turn   | Place    | Note
-------+----------+-------------------------------------------
     0 | D:1      | HoaS the Demigod Gladiator began the quest for the Orb.
     0 | D:1      | Reached XP level 1. HP: 17/17 MP: 3/3
   112 | D:1      | Reached skill level 3 in Unarmed Combat
   366 | D:1      | Reached XP level 2. HP: 22/24 MP: 4/4
  1429 | D:2      | Reached skill level 4 in Unarmed Combat
  1429 | D:2      | Reached XP level 3. HP: 20/29 MP: 5/5
  2802 | D:3      | Reached XP level 4. HP: 33/36 MP: 6/6
  2990 | D:3      | Reached skill level 5 in Unarmed Combat
  4089 | D:4      | Noticed an ogre
  4097 | D:4      | Killed an ogre
  4098 | D:4      | Reached skill level 6 in Unarmed Combat
  4098 | D:4      | Reached XP level 5. HP: 41/41 MP: 7/7
  4151 | D:4      | Reached XP level 6. HP: 13/48 MP: 8/8
  4689 | D:4      | Killed from afar by an orc priest

Illustrated notes

Levels and vault maps discovered:
D:1:      psy_arrival_wood_between_worlds, layout_loops_corners, st_stairs_1
D:2:      layout_basic, amethyst_overflow_temple_binary,
          serial_co_window_serial, co_window_corner_a,
          co_window_of_opportunity_a, co_window_paths_b,
          co_window_of_opportunity_a, co_window_paths_b, co_window_corner_a,
          co_window_corner_a, co_window_paths_a, co_window_of_opportunity_a,
          co_window_paths_c, co_window_cross_2, co_window_of_opportunity_b,
          co_window_paths_c, glass_columns_a, glass_columns_b, glass_columns_b,
          glass_columns_c, chequers_decorated_corner, minmay_misc_feat_enclosed
D:3:      layout_basic, overflow_temple_1_default,
          chequers_ecumenical_altar_grove
D:4:      cheibrodos_old_hovel, layout_gridville,
          nicolae_qazlal_general_emergency, uniq_menkaure, uniq_duvessa

Skill      XL: |  1  2  3  4 |
---------------+-------------+-----
Unarmed Combat | 3 4 6 |  6.8
Fighting       | |  1.7
Throwing       | |  1.7
Dodging        | |  2.6

Action                   |  1- 3 |  4- 6 || total
-------------------------+-------+-------++-------
Melee: Unarmed           |   184 |   169 ||   353
       Punch             |     2 |     7 ||     9
Throw: Throwing net      |     1 |     1 ||     2
  Use: Scroll            |     6 |     3 ||     9
 Stab: Sleeping          |     4 |       ||     4
Armor: Leather armour    |    47 |    23 ||    70
       Chain mail        |       |     3 ||     3
       Ring mail         |       |    10 ||    10
Dodge: Dodged            |   110 |    87 ||   197

Table legend: (Time is in decaauts)
 A = Elapsed time spent in this place.
 B = Non-inter-level travel time spent in this place.
 C = Inter-level travel time spent in this place.
 D = Time resting spent in this place.
 E = Time spent auto-exploring this place.
 F = Levels seen in this place.
 G = Mean time per level.
                   A        B        C        D        E       F      G
               +--------+--------+--------+--------+--------+-----+--------+
         Total |   4655 |   4514 |    141 |   1517 |   2288 |   4 | 1163.8 |
       Dungeon |   4655 |   4514 |    141 |   1517 |   2288 |   4 | 1163.8 |
               +--------+--------+--------+--------+--------+-----+--------+

Top non-repeatable levels by time:
     D:1: 1369 daAuts
     D:2: 1333 daAuts
     D:3: 1254 daAuts
     D:4: 697 daAuts
